 Dungeon Crawl Stone Soup version 0.22.0-60-ga52c2fc (webtiles) character file.

75 Ghost6211 the Conjurer (level 3, 0/26 HPs)
             Began as a Demigod Conjurer on Sept 10, 2018.
             Slain by a gnoll
             ... wielding a +0 whip
              (1 damage)
             ... on level 2 of the Dungeon.
             The game lasted 00:06:20 (1125 turns).

Ghost6211 the Conjurer (Demigod Conjurer)           Turns: 1125, Time: 00:06:20

Health: 0/26       AC:  2    Str: 11    XL:     3   Next: 88%
Magic:  0/9        EV: 12    Int: 21    God:
Gold:   24         SH:  0    Dex: 16    Spells: 4/7 levels left

rFire    . . .     SeeInvis .   e - +0 mace (protect)
rCold    . . .     Gourm    .   (no shield)
rNeg     . . .     Faith    .   a - +0 robe
rPois    .         Spirit   +   (no helmet)
rElec    .         Reflect  .   f - scarf {Spirit}
rCorr    .         Harm     .   (no gloves)
MR       .....                  (no boots)
Stlth    +++.......             d - amulet of guardian spirit
HPRegen  0.08/turn              c - ring of stealth
MPRegen  0.11/turn              (no ring)

@: no status effects
A: high mp 1
a: no special abilities


You were on level 2 of the Dungeon.
You were not hungry.

You visited 1 branch of the dungeon, and saw 2 of its levels.

You collected 24 gold pieces.

Inventory:

Hand Weapons
 e - a +0 mace of protection (weapon)
Missiles
 g - 100 stones (quivered)
Armour
 a - a +0 robe (worn)
 f - a scarf of spirit shield (worn)
Jewellery
 c - a ring of stealth (left hand)
 d - an amulet of guardian spirit (around neck)
Scrolls
 h - a scroll of teleportation {unknown}
Potions
 b - a potion of berserk rage {unknown}


   Skills:
 + Level 0.4 Maces & Flails
 - Level 1.7 Dodging
 - Level 1.7 Stealth
 * Level 2.5 Spellcasting
 + Level 4.6 Conjurations


You had 4 spell levels left.
You knew the following spells:

 Your Spells              Type           Power        Failure   Level  Hunger
a - Magic Dart            Conj           ###.         1%          1    None
b - Searing Ray           Conj           ###...       3%          2    ##.....

Your spell library contained the following spells:

 Spells                   Type           Power        Failure   Level  Hunger
 Dazzling Spray           Conj/Hex       ##....       16%         3    ###....
 Iskenderun's Mystic Bla  Conj           ###.....     21%         4    ####...
 Force Lance              Conj/Tloc      ##......     47%         4    ####...
 Fulminant Prism          Conj/Hex       ##........   47%         4    ####...


Dungeon Overview and Level Annotations

Branches:
Dungeon (2/15)


Innate Abilities, Weirdness & Mutations

You have an increased reservoir of magic. (+10% MP)


Message History

Aim: a gnoll, wielding a whip (moderately wounded)
The searing ray hits the gnoll.
The gnoll is moderately wounded. (Press . to maintain the ray.)
The gnoll shouts!
You hear a shout!
A gnoll comes into view. It is wielding a spear of flaming.
Without enough magic to sustain it, your searing ray dissipates.
The gnoll completely misses you. The gnoll barely misses you. x2
The gnoll closely misses you.
The gnoll hits you from afar with a halberd.
The gnoll misses you. The gnoll hits you with a flail!
The gnoll barely misses you. The gnoll misses you.
The gnoll hits you with a flail!
Ouch! That really hurt!
* * * LOW HITPOINT WARNING * * *
The gnoll hits you from afar with a halberd.
* * * LOW HITPOINT WARNING * * *
The gnoll hits you with a whip.
You die...

####### #######
######g....# #.....#
....ggg@'#######'..#
#######.#...#...#..#
#.#...#...#.)#####
###..)....##......
###._.#######...
#.......#.. ..
#...#...#.######
#...#..)#.......
+#######'.######


You could see 4 gnolls.

Vanquished Creatures
  An orc wizard (D:2)
  A gnoll (D:1)
  An adder (D:2)
  A leopard gecko (D:1)
  2 ball pythons (D:2)
  6 hobgoblins
  7 jackals (D:2)
  A quokka (D:2)
  3 bats
  2 goblins (D:2)
  2 kobolds
  2 rats
29 creatures vanquished.

Notes
Turn   | Place    | Note
-------+----------+-------------------------------------------
     0 | D:1      | Ghost6211 the Demigod Conjurer began the quest for the Orb.
     0 | D:1      | Reached XP level 1. HP: 14/14 MP: 5/5
    83 | D:1      | Reached skill level 4 in Conjurations
    83 | D:1      | Reached XP level 2. HP: 10/20 MP: 1/7
   690 | D:2      | Learned a level 2 spell: Searing Ray
   719 | D:2      | Reached XP level 3. HP: 14/26 MP: 0/8
  1031 | D:2      | Found a shattered altar of Ashenzari.
  1031 | D:2      | Found a glowing golden altar of the Shining One.
  1076 | D:2      | Found a sacrificial altar of Ru.
  1124 | D:2      | HP: 1/26 [gnoll/halberd (1)]
  1125 | D:2      | Slain by a gnoll

Skill      XL: |  1 |
---------------+----+-----
Spellcasting   | 2 |  2.5
Conjurations   | 4 |  4.6
Maces & Flails | |  0.4
Dodging        | |  1.7
Stealth        | |  1.7

Action                   || total
-------------------------++-------
Melee: Mace              ||    31
 Cast: Magic Dart        ||    40
       Searing Ray       ||     5
  Use: Scroll            ||     1
  Eat: Ration            ||     1
Armor: Robe              ||    32
Dodge: Dodged            ||    69
